 Dungeon Crawl Stone Soup version 0.23.2 (webtiles) character file.

Game seed: 8641917557064347384

249 Fang the Skirmisher (level 6, -2/39 HPs)
             Began as a Gargoyle Berserker on Apr 8, 2019.
             Was a Priest of Trog.
             Slain by an adder (3 damage)
             ... on level 3 of the Dungeon.
             The game lasted 00:02:03 (2003 turns).

Fang the Skirmisher (Gargoyle Berserker)            Turns: 2003, Time: 00:02:04

Health: -2/39      AC:  6    Str: 22    XL:     6   Next: 12%
Magic:  6/6        EV: 12    Int:  8    God:    Trog [***...]
Gold:   157        SH:  0    Dex:  9    Spells: 5/5 levels left

rFire    . . .     SeeInvis .   a - +0 hand axe
rCold    . . .     Gourm    .   (no shield)
rNeg     + . .     Faith    .   b - +0 animal skin
rPois    ∞         Spirit   .   (no helmet)
rElec    +         Reflect  .   (no cloak)
rCorr    .         Harm     .   (no gloves)
MR       .....                  (no boots)
Stlth    +.........             (no amulet)
HPRegen  0.13/turn              (no ring)
MPRegen  0.10/turn              (no ring)

@: berserk cooldown, slowed, very slow
A: negative energy resistance 1, electricity resistance, unbreathing,
petrification resistance, rot immunity, AC +4
a: Berserk, Trog's Hand, Renounce Religion


You were on level 3 of the Dungeon.
You worshipped Trog.
Trog was most pleased with you.
You were very hungry.

You visited 1 branch of the dungeon, and saw 3 of its levels.

You collected 157 gold pieces.

Inventory:

Hand Weapons
 a - a +0 hand axe (weapon)
Armour
 b - a +0 animal skin (worn)
Scrolls
 e - 2 scrolls of fog {unknown}
 f - a scroll of random uselessness {unknown}
 g - a scroll of enchant weapon {unknown}
 h - 6 scrolls of remove curse {unknown}
 j - a scroll of noise {unknown}
 k - a scroll of identify {unknown}
Potions
 d - a potion of magic {unknown}
 i - a potion of haste {unknown}
 l - a potion of flight {unknown}
Comestibles
 c - a ration


   Skills:
 + Level 4.5 Fighting
 + Level 3.8 Axes
 + Level 3.8 Armour
 + Level 2.9 Dodging


You had 5 spell levels left.
You didn't know any spells.
Your spell library was empty.

Dungeon Overview and Level Annotations

Branches:
Dungeon (3/15)

Altars:
Kikubaaqudgha


Innate Abilities, Weirdness & Mutations

You are resistant to torment.
Your stone body is resilient. (AC +4)
You are immune to poison.
You resist negative energy. (rN+)
You are resistant to electric shocks. (rElec)
You can survive without breathing.
You are immune to petrification.
You are immune to rotting.


Message History

Trog accepts your kill.
You hit the adder. The adder closely misses you. The adder misses you.
You miss the adder.
The adder is lightly wounded.
The adder bites you but does no damage. The adder barely misses you.
You hit the adder.
The adder is heavily wounded.
The adder bites you but does no damage. The adder closely misses you.
You barely miss the adder.
The adder is heavily wounded.
The adder bites you.
* * * LOW HITPOINT WARNING * * *
The adder bites you.
* * * LOW HITPOINT WARNING * * *
You barely miss the adder.
The adder is heavily wounded.
The adder misses you. The adder bites you.
* * * LOW HITPOINT WARNING * * *
The adder bites you.
You die...

### #<# #.# # #.#
.. #.# ...###+#.#
.........#
..).....[#########
.......)@S........
.(......[.....####
...........##..!..
............. ....
..................
.....#.#.#.#.....#
.....#.#.#.#.... .
...#.#.#.#.#....


You could see an adder.

Vanquished Creatures
  A howler monkey (D:2)
  Natasha (thrice) (D:2)
  Robin (D:2)
  3 gnolls (D:3)
  2 adders (D:2)
  An ooze (D:1)
  A leopard gecko (D:2)
  10 bats
  2 giant cockroaches (D:1)
  18 goblins
  8 hobgoblins
  9 jackals
  6 kobolds
  2 frilled lizards
  4 rats
71 creatures vanquished.

Notes
Turn   | Place    | Note
-------+----------+-------------------------------------------
     0 | D:1      | Fang the Gargoyle Berserker began the quest for the Orb.
     0 | D:1      | Reached XP level 1. HP: 14/14 MP: 1/1
     6 | D:1      | Noticed a worker ant
     6 | D:1      | Noticed a komodo dragon
     6 | D:1      | Noticed a black bear
     6 | D:1      | Noticed an anaconda
   112 | D:1      | Reached XP level 2. HP: 14/19 MP: 2/2
   324 | D:1      | Reached XP level 3. HP: 15/24 MP: 3/3
   460 | D:1      | Reached ** piety under Trog
   875 | D:2      | Found an ancient bone altar of Kikubaaqudgha.
  1012 | D:2      | Noticed Robin
  1017 | D:2      | Reached XP level 4. HP: 25/29 MP: 4/4
  1026 | D:2      | Killed Robin
  1026 | D:2      | Reached skill level 4 in Fighting
  1033 | D:2      | Reached XP level 5. HP: 33/33 MP: 5/5
  1159 | D:2      | Noticed Natasha
  1167 | D:2      | Killed Natasha
  1491 | D:2      | Noticed Natasha
  1507 | D:2      | Killed Natasha
  1507 | D:2      | Reached *** piety under Trog
  1919 | D:2      | Noticed Natasha
  1935 | D:2      | Killed Natasha
  1980 | D:3      | Reached XP level 6. HP: 30/39 MP: 6/6
  2003 | D:3      | HP: 1/39 [adder (2)]
  2003 | D:3      | Slain by an adder

Skill      XL: |  1  2  3  4 |
---------------+-------------+-----
Axes           | 3 |  3.8
Dodging        | 2 |  2.9
Armour         | 3 |  3.8
Fighting       | 4 |  4.5

Action                   |  1- 3 |  4- 6 || total
-------------------------+-------+-------++-------
Melee: Hand axe          |   134 |    68 ||   202
Invok: Berserk           |       |     3 ||     3
  Eat: Chunk             |     1 |     4 ||     5
Armor: Animal skin       |    54 |    33 ||    87
Dodge: Dodged            |   105 |    63 ||   168
